 Dungeon Crawl Stone Soup version 0.29-a0-330-g52719c12eb (webtiles) character file.

Game seed: 4470446774300811214

25 kae the Shooter (level 3, -1/21 HPs)
             Began as a Gargoyle Hunter on May 4, 2022.
             Slain by Natasha (7 damage)
             ... on level 2 of the Dungeon.
             The game lasted 00:00:31 (837 turns).

kae the Shooter (Gargoyle Hunter)                    Turns: 837, Time: 00:00:32

Health: -1/21      AC:  6    Str: 14    XL:     3   Next: 4%
Magic:  3/3        EV: 11    Int:  9    God:
Gold:   63         SH:  0    Dex: 15    Spells: 2/2 levels left

rFire   . . .      SeeInvis +   a - +1 shortbow
rCold   . . .      Faith    .   (shield currently unavailable)
rNeg    + . .      Spirit   .   b - +0 leather armour
rPois   ∞          Reflect  .   (no helmet)
rElec   +          Harm     .   (no cloak)
rCorr   .          Rampage  .   (no gloves)
Will    .....                   (no boots)
Stlth   ++........              (no amulet)
HPRegen 0.07/turn               l - ring of see invisible
MPRegen 0.08/turn               (no ring)

@: brilliant, slowed, very slow
A: sickness immunity, AC +3, negative energy resistance 1, electricity
resistance, torment resistance 1, petrification resistance
a: no special abilities


You were on level 2 of the Dungeon.
You visited 1 branch of the dungeon, and saw 2 of its levels.

You collected 63 gold pieces.

Inventory:

Hand Weapons
 a - a +1 shortbow (weapon)
Armour
 b - a +0 leather armour (worn)
Jewellery
 l - a ring of see invisible (left hand)
Scrolls
 c - 2 scrolls of immolation
 d - 2 scrolls of identify {unknown}
 f - a scroll of magic mapping {unknown}
 h - a scroll of blinking {unknown}
 i - a scroll of vulnerability {unknown}
 k - a scroll of noise {unknown}
 m - a scroll of teleportation {unknown}
 n - a scroll of fog {unknown}
Potions
 e - a potion of brilliance
 g - a potion of curing {unknown}
 j - a potion of resistance {unknown}


   Skills:
 - Level 2.1 Fighting
 + Level 4.9 Bows
 - Level 1.5 Dodging
 - Level 1.1 Stealth


You had 2 spell levels left.
You didn't know any spells.
Your spell library contained the following spells:

 Spells                   Type           Power      Damage    Failure   Level
 Ensorcelled Hibernation  Hex/Ice        0%         N/A       61%         2
 Spider Form              Tmut/Pois      0%         N/A       83%         3
 Anguish                  Hex/Necr       0%         N/A       99%         4


Dungeon Overview and Level Annotations

Branches:
Dungeon (2/15)

Altars:

Annotations:
D:2 Natasha


Innate Abilities, Weirdness & Mutations

You are immune to sickness and miasma.
Your stone body is resilient. (AC +3)
You are immune to poison.
You resist negative energy. (rN+)
You are resistant to electric shocks. (rElec)
You are resistant to unholy torment.
You are immune to petrification.


Message History

You shoot an arrow. The arrow hits Natasha.
Natasha hisses angrily.
Natasha is lightly wounded.
Natasha stares at you and mumbles some strange words.
You feel yourself slow down.
You shoot an arrow. The arrow barely misses Natasha.
Natasha casts a spell at you. The magic dart hits you!
Natasha is nearby!
You shoot an arrow.
The arrow hits Natasha but does no damage.
Natasha is lightly wounded.
Natasha stares at you and mumbles some strange words.
The magic dart hits you!
* * * LOW HITPOINT WARNING * * *
You are too injured to fight recklessly!
Natasha is nearby!
You are too injured to fight recklessly!
You are too injured to fight recklessly!
Natasha is nearby!
You are too injured to fight recklessly!
You are too injured to fight recklessly!
Natasha is nearby!
You are too injured to fight recklessly!
You are too injured to fight recklessly!
Natasha is nearby!
You are too injured to fight recklessly!
You are too injured to fight recklessly!
Shoot: a) +1 shortbow
Press: ? - help, Q - select action Shift-Dir - straight line, f/p - Natasha
Aim: Natasha (lightly wounded, 56% to hit)
You shoot an arrow. The arrow hits Natasha.
Natasha is heavily wounded.
Natasha howls an incantation.
Natasha's front paws start to glow.
Natasha claws you but does no damage.
It was a potion of brilliance.
You feel clever all of a sudden. Natasha claws you!
You die...

##########
#.@......#
#h####.###
#. #.# #.
#.#
#.####.#
#.#<##.#
#.#.##.#
#.#.##.#
#.##.#


You could see Natasha.

Vanquished Creatures
  An adder (D:2)
  A worm (D:2)
  2 bats (D:1)
  A giant cockroach (D:1)
  2 hobgoblins (D:1)
  A quokka (D:2)
  A ball python (D:2)
  A frilled lizard (D:2)
  A kobold (D:2)
  3 rats
14 creatures vanquished.

Notes
Turn   | Place    | Note
-------+----------+-------------------------------------------
     0 | D:1      | kae the Gargoyle Hunter began the quest for the Orb.
     0 | D:1      | Reached XP level 1. HP: 12/12 MP: 1/1
     8 | D:1      | You fall into a shaft and drop 1 floor!
    19 | D:2      | Reached XP level 2. HP: 17/17 MP: 2/2
   436 | D:1      | Reached XP level 3. HP: 21/21 MP: 3/3
   832 | D:2      | Noticed Natasha
   837 | D:2      | Slain by Natasha

Illustrated notes

Levels and vault maps discovered:
D:1:      zaba_arrival_water, layout_basic
D:2:      layout_basic, uniq_natasha

Action                   || total
-------------------------++-------
 Fire: Shortbow          ||    46
  Use: Potion            ||     1
Armor: Leather armour    ||     2
Dodge: Dodged            ||     1

Table legend: (Time is in decaauts)
 A = Elapsed time spent in this place.
 B = Non-inter-level travel time spent in this place.
 C = Inter-level travel time spent in this place.
 D = Time resting spent in this place.
 E = Time spent auto-exploring this place.
 F = Levels seen in this place.
 G = Mean time per level.
                   A        B        C        D        E       F      G
               +--------+--------+--------+--------+--------+-----+--------+
         Total |    857 |    784 |     73 |      0 |    677 |   2 |  428.5 |
       Dungeon |    857 |    784 |     73 |      0 |    677 |   2 |  428.5 |
               +--------+--------+--------+--------+--------+-----+--------+

Top non-repeatable levels by time:
     D:1: 617 daAuts
     D:2: 240 daAuts
